Map: Nightshade LE

Players

Virtuous - Winner!

  • Race: Terran Terran
  • League: Bronze
  • Spawn Location: 5:00

Ratl

  • Race: Protoss Protoss
  • League: Silver
  • Spawn Location: 11:00

VOD

Have the link to the VOD?

Description

Time

  • Played on: Feb. 3, 2020, 2:05 p.m.
  • Length: 14:17
Show
View Real Time Build Order
Export as new Build Order

Virtuous Terran - Winner!

Build Orders:  

Get SALT Encoding   

  12  0:02  SCV  
  13  0:18  SCV  
  13  0:19  Supply Depot  
  14  0:30  SCV  
  15  0:42  SCV, Barracks  
  16  0:50  Refinery  
  16  0:54  SCV  
  17  1:06  SCV  
  19  1:18  SCV  
  19  1:30  Marine, SCV  
  21  1:34  Supply Depot  
  21  1:48  Marine, Command Center  
  21  1:49  SCV  
  23  2:06  Factory  
  23  2:08  Orbital Command  
  23  2:18  Barracks Reactor  
  23  2:24  Refinery  
  23  2:33  SCV  
  24  2:45  SCV  
  25  2:57  SCV  
  25  2:58  Factory Tech Lab  
  26  2:59  Marine x2  
  26  3:01  Orbital Command  
  28  3:07  Starport  
  28  3:10  SCV  
  29  3:22  SCV  
  29  3:23  Engineering Bay  
  29  3:26  Barracks  
  30  3:30  Orbital Command  
  30  3:54  Bunker  
  30  3:55  SCV, Supply Depot  
  30  4:02  Starport Tech Lab  
  31  4:06  Siege Tank  
  34  4:13  SCV  
  35  4:18  Supply Depot  
  35  4:20  Barracks Tech Lab  
  35  4:22  Terran Infantry Weapons Level 1  
  35  4:25  SCV  
  36  4:33  Marine  
  36  4:34  Marine  
  36  4:37  Supply Depot  
  38  4:46  Supply Depot  
  38  4:47  SCV  
  38  4:50  SCV  
  38  4:51  Marine  
  41  4:59  SCV  
  41  5:02  SCV  
  42  5:11  SCV  
  39  5:15  Supply Depot  
  39  5:22  Marine x2  
  39  5:23  SCV  
  42  5:32  Supply Depot  
  42  5:33  Siege Tank  
  42  5:35  SCV, Bunker  
  46  5:40  Marine x2  
  48  5:48  Refinery  
  48  5:51  SCV  
  49  5:57  Marine  
  49  5:58  Marine  
  49  5:59  Combat Shield  
  49  6:03  SCV  
  52  6:05  Siege Tank  
  55  6:15  Marine x2, SCV  
  55  6:17  Armory, Terran Infantry Armor Level 1  
  58  6:28  SCV  
  59  6:37  Siege Tank  
  62  6:40  SCV  
  63  6:47  Viking  
  63  6:50  Marine x2  
  63  6:52  Marine  
  68  7:02  Supply Depot  
  68  7:05  Supply Depot  
  68  7:06  Supply Depot x2  
  68  7:08  Marine x2, Supply Depot  
  70  7:10  Marine  
  70  7:14  Refinery  
  71  7:17  Viking  
  71  7:18  SCV, Stimpack  
  71  7:19  SCV  
  75  7:25  Marine  
  75  7:26  Marine  
  75  7:28  Marine  
  78  7:30  SCV  
  78  7:31  SCV  
  78  7:34  Terran Vehicle Weapons Level 1  
  80  7:42  SCV, Engineering Bay  
  80  7:43  Marine x2, SCV  
  84  7:46  Marine  
  84  7:47  Viking  
  87  7:54  SCV  
  87  7:56  SCV  
  89  8:01  Marine x2  
  89  8:04  Marine  
  92  8:06  SCV  
  92  8:08  SCV  
  94  8:17  Viking  
  94  8:19  Marine x2  
  97  8:20  SCV  
  98  8:33  Siege Tank  
  101  8:37  Marine x3  
  104  8:47  Viking  
  106  8:55  Marine x3, Command Center  
  109  8:59  Command Center  
  109  9:02  Terran Infantry Weapons Level 2  
  109  9:04  Command Center  
  109  9:05  Siege Tank  
  109  9:06  Terran Infantry Armor Level 2  
  112  9:12  Marine x2  
  112  9:13  Marine  
  115  9:17  Viking  
  117  9:30  Marine x3  
  120  9:34  Barracks  
  120  9:36  Starport  
  120  9:37  Barracks, Siege Tank  
  123  9:41  Starport  
  123  9:47  Medivac  
  123  9:48  Marine  
  126  10:17  Medivac, Orbital Command  
  126  10:19  Orbital Command  
  126  10:20  Orbital Command  
  128  10:26  Marine  
  128  10:27  Marine x2  
  131  10:31  Siege Tank  
  134  10:44  Marine  
  134  10:45  Marine x2  
  134  10:47  Medivac, Starport Tech Lab  
  139  10:51  Barracks Reactor  
  139  10:55  Barracks Reactor, Starport Tech Lab  
  139  11:02  Marine x3  
  139  11:03  Siege Tank  
  145  11:13  Fusion Core  
  145  11:17  Medivac  
  147  11:19  Orbital Command  
  147  11:20  Marine x3  
  150  11:28  SCV x3  
  150  11:29  SCV  
  154  11:38  Marine  
  155  11:40  SCV x2  
  155  11:41  SCV x2  
  159  11:47  Viking  
  159  11:52  SCV  
  159  11:53  SCV x2  
  165  11:54  Orbital Command  
  165  12:04  SCV  
  165  12:12  Refinery  
  165  12:14  Refinery  
  165  12:47  Marine  
  165  12:48  Marine x6  
  172  13:03  Supply Depot  
  172  13:04  Supply Depot x2  
  172  13:06  Supply Depot  
  172  13:08  Supply Depot  
  172  13:11  Supply Depot  
  172  13:22  Marine x2  
  172  13:24  Marine x2  
  172  13:25  Marine x2  
  172  13:26  Marine  
  191  13:40  Marine x2  
  193  13:42  Marine x2  
  193  13:43  Marine x3  
  198  13:58  Marine x2  
Show
View Real Time Build Order
Export as new Build Order

Ratl Protoss 

Build Orders: Double Forge 

Get SALT Encoding   

  12  0:01  Probe  
  13  0:13  Probe  
  14  0:20  Pylon  
  14  0:25  Probe (Chrono Boost)  
  15  0:37  Probe (Chrono Boost)  
  15  0:40  Gateway  
  16  0:47  Probe  
  17  0:59  Probe  
  18  1:04  Assimilator  
  18  1:11  Probe  
  18  1:17  Gateway  
  19  1:23  Probe  
  20  1:35  Probe  
  21  1:47  Probe  
  21  1:50  Assimilator  
  22  1:59  Pylon  
  22  2:03  Probe  
  23  2:15  Cybernetics Core, Nexus  
  23  2:17  Probe  
  23  2:21  Pylon  
  24  2:29  Probe  
  25  2:41  Probe  
  26  3:07  Warp Gate  
  26  3:08  Stalker  
  26  3:09  Stalker  
  26  3:10  Robotics Facility  
  30  3:14  Probe  
  31  3:24  Pylon  
  31  3:26  Probe  
  32  3:30  Probe  
  33  3:38  Probe, Stalker x2  
  38  3:42  Probe  
  39  3:52  Robotics Facility  
  39  3:53  Probe  
  39  3:54  Probe, Forge  
  41  4:06  Probe  
  42  4:14  Probe, Pylon  
  43  4:18  Probe, Forge  
  44  4:27  Probe, Stalker x2  
  44  4:30  Probe  
  50  4:39  Probe, Assimilator  
  50  4:42  Probe, Protoss Ground Weapons Level 1 (Chrono Boost)  
  52  4:49  Immortal  
  52  4:51  Probe  
  54  5:14  Probe x2  
  53  5:26  Probe x2  
  53  5:27  Stalker x2  
  59  5:32  Warp Prism  
  61  5:38  Robotics Bay  
  61  5:48  Gateway  
  61  5:49  Gateway  
  61  5:50  Gateway  
  61  5:51  Protoss Ground Armor Level 1 (Chrono Boost)  
  61  5:57  Probe  
  61  5:58  Probe  
  63  6:07  Assimilator  
  63  6:10  Probe x2  
  65  6:15  Stalker x2  
  69  6:20  Observer  
  70  6:28  Pylon  
  70  6:31  Pylon  
  70  6:46  Probe x2, Observer  
  73  6:52  Extended Thermal Lance  
  73  6:58  Probe x2  
  75  7:07  Immortal  
  79  7:10  Stalker x2  
  79  7:11  Stalker  
  79  7:13  Nexus  
  85  8:01  Pylon  
  85  8:04  Pylon  
  85  8:07  Pylon  
  85  8:10  Assimilator  
  71  8:21  Stalker x2  
  71  8:22  Stalker x3  
  81  8:38  Probe x3  
  84  8:50  Probe x2  
  84  8:51  Probe  
  88  9:02  Probe  
  88  9:03  Probe x2  
  88  9:05  Twilight Council  
  88  9:08  Pylon, Colossus (Chrono Boost)  
  96  9:25  Assimilator  
  96  9:26  Probe x3  
  99  9:33  Robotics Facility  
  99  9:37  Stargate  
  99  9:43  Stalker x3  
  99  9:44  Stalker x2  
  109  9:50  Charge (Chrono Boost)  
  109  9:51  Colossus (Chrono Boost)  
  115  10:01  Pylon  
  115  10:02  Protoss Ground Armor Level 2  
  115  10:03  Protoss Ground Weapons Level 2  
  115  10:15  Colossus  
  115  10:27  Void Ray (Chrono Boost)  
  125  10:38  Immortal  
  129  11:02  Void Ray  
  133  11:05  Templar Archives  
  133  11:24  Blink  
  133  11:29  Colossus  
  139  11:39  Pylon  
  139  11:56  Colossus  
  139  11:57  Void Ray  
  139  12:00  Nexus, Psionic Storm  
  149  12:39  Pylon  
  149  12:41  Pylon  
  149  12:43  Pylon  
  149  12:46  Pylon  
  149  12:58  Immortal x2  
  157  13:27  Immortal x2  
Tags
 
Add a new tag
Caveats
  • Supply blocks, unpowered buildings, or Contaminate may cause inaccurate times.
  • Supply counts are checked every 10 seconds.